 Dungeon Crawl Stone Soup version 0.31-a0-145-g046c7d2549 (webtiles) character file.

Game seed: 4735766362193734320

17821 juan097 the Martial Artist (level 11, 0/59 (71) HPs)
             Began as a Grey Draconian Transmuter on June 6, 2023.
             Was a High Priest of Ru.
             Killed from afar by a wretched star (12 damage)
             ... with a lance of force
             ... on level 2 of the Abyss.
             The game lasted 00:55:39 (16203 turns).

juan097 the Martial Artist (DrTm)                  Turns: 16203, Time: 00:55:39

HP:   0/59 (71)     AC: 20    Str: 12      XL:     11   Next: 22%
MP:   16/16         EV: 15    Int:  9 (10) God:    Ru [*****.]
Gold: 418           SH:  0    Dex: 12      Spells: 10/22 levels left

rFire   . .          .
                       - Unarmed
rCold   . . .        (no shield)
rNeg    . . .        (body armour unavailable)
rPois   +            x - +2 hat
rElec   .            k - +1 cloak
rCorr   .            y - +0 pair of gloves
SInv    .            r - +2 pair of boots
Will    .....        (no amulet)
Stlth   ++           D - ring of protection from fire
HPRegen 0.29/turn    g - ring "Jiwusemo" {rPois rC+}
MPRegen 0.15/turn

%: random rage (9%)
@: mighty, exhausted, hasted, heavily drained, invisible, very quick
A: AC +12, amphibious, unfitting armour, cold-blooded, inability to use devices,
inexperienced 1, temperature sensitive, [berserk 2], [clumsy 2], dopey 1[+1],
[frail 2], [low MP 2], ([teleportitis 2]), [no potion heal 2], [subdued magic 2]
a: Renounce Religion, Draw Out Power, Power Leap, Apocalypse


You were on level 2 of the Abyss.
You worshipped Ru.
Ru was extremely pleased with you.
You visited 3 branches of the dungeon, and saw 13 of its levels.
You visited the Abyss 1 time.
You also visited: Ice Cave.

You collected 846 gold pieces.
You spent 428 gold pieces at shops.

Inventory:

Hand Weapons
 b - a +0 sling
Missiles
 s - 9 boomerangs
 w - 26 poisoned darts
 C - a curare-tipped dart
Armour
 k - a +1 cloak (worn)
 r - a +2 pair of boots (worn)
 t - a +0 kite shield of cold resistance
 x - a +2 hat (worn)
 y - a +0 pair of gloves (worn)
Magical Staves
 v - a staff of cold
Jewellery
 d - a ring of wizardry
 g - the ring "Jiwusemo" (right hand) {rPois rC+}
   (You found it in an ice cave)

   [ring of protection from cold]

   rC:        It protects you from cold.
   rPois:     It protects you from poison.
 l - a ring of wizardry
 D - a ring of protection from fire (left hand)
Scrolls
 j - 2 scrolls of enchant armour
 n - a scroll of butterflies
 o - 3 scrolls of fear
 q - 2 scrolls of amnesia
 z - a scroll of fog
 A - 3 scrolls of poison
 B - a scroll of noise
 G - 4 scrolls of identify
 H - a scroll of vulnerability {unknown}
 J - a scroll of acquirement {unknown}
Potions
 a - a potion of lignification
 i - 2 potions of attraction
 m - 6 potions of curing
 p - a potion of ambrosia
 u - 2 potions of magic
 E - 2 potions of heal wounds {unknown}
 F - a potion of brilliance {unknown}


   Skills:
 - Level 6.0 Fighting
 - Level 8.0 Dodging
 - Level 4.0 Stealth
 - Level 12.0 Unarmed Combat
 - Level 6.0 Spellcasting
 - Level 2.0 Translocations
 + Level 9.4 Transmutations
 - Level 5.0 Ice Magic
 - Level 3.0 Poison Magic


You had 10 spell levels left.
You knew the following spells:

 Your Spells              Type           Power      Damage    Failure   Level
a - Beastly Appendage     Tmut           24%        N/A       1%          1
b - Wereblood             Tmut           12%        N/A       1%          2
c - Spider Form           Tmut/Pois      8%         N/A       3%          3
d - Ice Form              Ice/Tmut       9%         N/A       8%          4
e - Blink                 Tloc           6%         N/A       10%         2

Your spell library contained the following spells:

 Spells                   Type           Power      Damage    Failure   Level
 Hailstorm                Conj/Ice       4%         3d4       17%         3
 Inner Flame              Hex/Fire       1%         N/A       45%         3
 Summon Guardian Golem    Hex/Summ       1%         N/A       45%         3
 Manifold Assault         Tloc           3%         N/A       58%         4
 Animate Dead             Necr           1%         N/A       87%         4
 Flame Wave               Conj/Fire      1%         2d4       87%         4
 Sticky Flame             Conj/Fire      1%         2d3       87%         4
 Simulacrum               Ice/Necr       2%         N/A       100%        6
 Haunt                    Necr/Summ      0%         N/A       100%        7
 Orb of Destruction       Conj           0%         9d5       100%        7
 Spellforged Servitor     Conj/Summ      0%         N/A       100%        7
 Storm Form               Tmut/Air       3%         N/A       100%        7
 Infestation              Necr           0%         N/A       100%        8


Dungeon Overview and Level Annotations

Branches:
Dungeon (10/15)            Temple (1/1) D:6            Lair (2/5) D:10
  IceCv (visited)
  Swamp: Lair:2-3    Shoals: Lair:2-3     Snake: Lair:2-3    Spider: Lair:2-3
    Orc: D:9-12

Altars:
Ashenzari
Cheibriados
Dithmenos
Elyvilon
Fedhas
Gozag
Hepliaklqana
Kikubaaqudgha
Makhleb
Nemelex Xobeh
Okawaru
Qazlal
Ru
Sif Muna
Trog
Uskayaw
Vehumet
Wu Jian
Xom
Yredelemnul
Zin
The Shining One

Shops:
D:1 *?[?(

Annotations:
D:3 2 transporters, oldplebian's ghost, amateur DgCj
D:6 1 runed translucent door, Crazy Yiuf; Edmund
D:10 2 transporters, Mahakala's ghost, journeyman DjFE
Lair:2 Sonja


Innate Abilities, Weirdness & Mutations

Your dull iron-grey scales are very hard. (AC +12)
You are amphibious.
You cannot fit into any form of body armour.
You are cold-blooded and may be slowed by cold attacks.
You cannot study or use magical devices.
You are somewhat inexperienced. (-1 XL)
You are sensitive to extremes of temperature. (rF-, rC-)
[You have an uncontrollable temper.]
[You are very clumsy. (Dex -4)]
[You are very dopey. (Int -4)]
[You are very frail. (-20% HP)]
[Your magical capacity is very low. (-20% MP)]
[((You are often teleported next to monsters.))]
[Potions cannot restore your health.]
[Your spells are easier to cast, but less powerful.]


Message History

The lance of force hits you!!
* * * LOW HITPOINT WARNING * * *
x2 You redirect the wretched star's attack!
The wretched star glows turbulently.
The lance of force misses the wretched star.
Okay, then.
The wretched star pulses with an eldritch light!
You feel a little pissed off.
You feel extremely angry at everything!
You feel yourself speed up.
The wretched star pulses with an eldritch light!
Your system partially rejects the healing effects of potions.
Your system completely rejects the healing effects of potions.
Your connection to magic feels subdued.
Your connection to magic feels more subdued.
You feel very mighty all of a sudden.
The wretched star pulses with an eldritch light!
You feel frail. x2
You barely miss the wretched star. You tail-slap the wretched star.
You punch the wretched star!
The wretched star is heavily damaged.
The wretched star begins to attack, but is stunned by your conviction!
You closely miss the wretched star.
The wretched star is heavily damaged.
You hit the wretched star but do no damage.
The wretched star is heavily damaged.
You closely miss the wretched star.
The wretched star is heavily damaged.
You closely miss the wretched star.
The wretched star is heavily damaged.
The wretched star pulses with an eldritch light!
You feel less energetic. x2
You punch the wretched star!
The wretched star is severely damaged.
You closely miss the wretched star.
The wretched star is severely damaged.
You barely miss the wretched star. Your punch misses the wretched star.
The wretched star is severely damaged.
The wretched star glows turbulently.
The lance of force hits you!
You die...

###
#.#
#.#
#.#
#@#
#*##
# ...
##.##
#..
###.
# #


You could see a wretched star.

Vanquished Creatures
  A tentacled starspawn (Abyss:2)
  2 azure jellies (IceCv)
  A quicksilver ooze (IceCv)
  Erica (Lair:1)
  A wretched star (Abyss:2)
  An ice statue (IceCv)
  Maggie (D:6)
  2 rime drakes (Lair:1)
  An unseen horror (Abyss:2)
  2 komodo dragons
  A cane toad (Lair:1)
  An efreet (Abyss:2)
  A troll (D:9)
  Prince Ribbit (D:5)
  7 slime creatures (IceCv)
  A ynoxinul (Abyss:2)
  Sigmund (D:6)
  3 wyverns (D:10)
  7 starcursed masses (Abyss:2)
  2 wraiths
  A basilisk (D:10)
  A neqoxec (Abyss:2)
  A steam dragon (D:9)
  13 yaks
  Menkaure (D:7)
  A vampire mosquito (D:10)
  4 water moccasins (Lair:1)
  An acid dragon (D:10)
  3 orc warriors
  3 great orb of eyes simulacra (IceCv)
  5 ice beasts
  A sky beast (D:6)
  2 black bears
  10 wolves
  An ogre (D:5)
  2 centaurs
  A small abomination (Abyss:2)
  A phantom (D:2)
  2 kobold brigands
  5 slime creature simulacra (IceCv)
  5 bullfrogs
  4 glowing shapeshifter simulacra (IceCv)
  4 scorpions
  8 howler monkeys
  3 hounds
  A quasit (Abyss:2)
  5 orc priests
  3 jellies
  A gnoll bouda (D:7)
  An iguana (D:6)
  9 orc wizards
  2 sleepcaps
  Natasha (thrice) (D:2)
  2 shapeshifter simulacra (IceCv)
  A centaur simulacrum (D:9)
  8 adders
  19 gnolls
  8 white imps
  2 howler monkey simulacra (D:9)
  2 ufetubi
  4 worms
  A dart slug (D:3)
  18 orcs
  8 ball pythons
  2 bats (D:3)
  5 endoplasms
  4 giant cockroaches
  5 goblins
  3 hobgoblins
  8 jackals
  16 kobolds
  A quokka (D:1)
  5 frilled lizards
  5 rats
  A spectral hobgoblin (D:3)
274 creatures vanquished.

Notes
Turn   | Place    | Note
-------+----------+-------------------------------------------
     0 | D:1      | juan097 the Draconian Transmuter began the quest for the
                  | Orb.
     0 | D:1      | Reached XP level 1. HP: 16/16 MP: 3/3
    58 | D:1      | Found Heist's Magic Scroll Emporium.
   124 | D:1      | Reached XP level 2. HP: 21/23 MP: 3/5
   147 | D:1      | Found Wosaeb's Armour Shop.
   151 | D:1      | Learned a level 2 spell: Wereblood
   287 | D:1      | Found Zuylet's Assorted Antiques.
   295 | D:1      | Bought a green potion for 24 gold pieces
   295 | D:1      | Bought a puce potion for 24 gold pieces
   453 | D:1      | Found Efy Xior's Weapon Emporium.
   802 | D:1      | Found Codilaiz's Magic Scroll Emporium.
   927 | D:2      | Reached XP level 3. HP: 29/29 MP: 4/6
   931 | D:2      | Learned a level 3 spell: Spider Form
  1019 | D:2      | Reached skill level 1 in Stealth
  1343 | D:2      | Noticed Natasha
  1356 | D:2      | Killed Natasha
  1493 | D:2      | Noticed Natasha
  1505 | D:2      | Killed Natasha
  1506 | D:2      | Reached skill level 4 in Unarmed Combat
  1506 | D:2      | Reached XP level 4. HP: 31/36 MP: 7/7
  1736 | D:2      | Noticed a phantom
  1839 | D:3      | Found a faded altar of an unknown god.
  2241 | D:3      | Found an ancient bone altar of Kikubaaqudgha.
  2283 | D:3      | Found a transporter.
  2293 | D:3      | Noticed oldplebian's ghost (amateur DgCj)
  2323 | D:3      | Found a transporter.
  2695 | D:4      | Reached XP level 5. HP: 42/42 MP: 3/8
  3012 | D:4      | Reached XP level 6. HP: 46/51 MP: 6/9
  3722 | D:2      | Reached skill level 5 in Unarmed Combat
  3845 | D:1      | Bought a scroll labelled PYFURAH IGEORI for 27 gold pieces
  3845 | D:1      | Bought a scroll labelled COXIHI RYMMOLY for 27 gold pieces
  3885 | D:1      | Bought a scroll of blinking for 75 gold pieces
  3885 | D:1      | Bought a scroll of identify for 20 gold pieces
  3986 | D:2      | Noticed Natasha
  3996 | D:2      | Killed Natasha
  4141 | D:5      | Entered Level 5 of the Dungeon
  4275 | D:5      | Noticed an ice beast
  4381 | D:5      | Found a white marble altar of Elyvilon.
  4394 | D:5      | Found an opulent altar of Gozag.
  4418 | D:5      | Your scales start taking on a dull iron-grey colour.
  4418 | D:5      | Reached XP level 7. HP: 57/57 MP: 6/10
  4553 | D:5      | Noticed Prince Ribbit
  4560 | D:5      | Killed Prince Ribbit
  4747 | D:5      | Reached skill level 6 in Unarmed Combat
  5015 | D:6      | Reached XP level 8. HP: 42/63 MP: 10/12
  5283 | D:6      | Reached skill level 7 in Unarmed Combat
  5393 | D:6      | Found a runed translucent door.
  5394 | D:6      | Noticed Crazy Yiuf
  5448 | D:6      | Found a staircase to the Ecumenical Temple.
  5540 | D:6      | Noticed Maggie
  5559 | D:6      | Noticed Sigmund
  5567 | D:6      | Killed Maggie
  5568 | D:6      | Reached skill level 8 in Unarmed Combat
  5568 | D:6      | Reached skill level 5 in Transmutations
  5577 | Temple   | Entered the Ecumenical Temple
  5804 | Temple   | Became a worshipper of Ru the Awakened
  5970 | D:6      | Killed Sigmund
  5976 | D:6      | Learned a level 4 spell: Ice Form
  6151 | D:6      | Reached XP level 9. HP: 62/69 MP: 13/13
  6225 | D:6      | Noticed Edmund
  6620 | D:7      | Noticed Menkaure
  6629 | D:7      | Killed Menkaure
  6776 | D:7      | Reached skill level 1 in Ice Magic
  6776 | D:7      | Reached skill level 1 in Poison Magic
  7882 | D:7      | Learned a level 2 spell: Blink
  8049 | D:1      | Bought a +1 hat for 143 gold pieces
  8406 | D:7      | Gained mutation: You cannot study or use magical devices.
                  | [Ru sacrifice]
  8406 | D:7      | Reached * piety under Ru
  8406 | D:7      | Reached ** piety under Ru
  8567 | D:8      | Reached skill level 1 in Translocations
  8929 | D:8      | Found an iron altar of Okawaru.
  9134 | D:1      | Bought a scroll of fog for 48 gold pieces
  9191 | D:1      | Bought a scroll of poison for 40 gold pieces
  9393 | D:8      | Found a hazy altar of Hepliaklqana.
  9646 | D:9      | Reached skill level 5 in Dodging
  9649 | D:9      | Noticed a troll
 10044 | D:9      | Killed a troll
 10045 | D:9      | Reached XP level 10. HP: 37/80 MP: 7/16
 10349 | D:9      | Found the +12 pair of quick blades "Gyre" and "Gimble"
                  | {protect}
 10563 | D:9      | Identified the +5 ring mail "Hywuzxel" {rElec Str+5}
 10586 | D:9      | Reached skill level 5 in Fighting
 11041 | D:10     | Entered Level 10 of the Dungeon
 11427 | D:10     | Reached skill level 9 in Unarmed Combat
 11741 | D:10     | Found a transporter.
 11742 | D:10     | Noticed Mahakala's ghost (journeyman DjFE)
 11744 | D:10     | Found a transporter.
 11785 | D:10     | Gained mutation: You are somewhat inexperienced. (-1 XL)
                  | [Ru sacrifice]
 11785 | D:10     | Reached XP level 9. HP: 74/74 MP: 15/15
 11785 | D:10     | Reached *** piety under Ru
 11785 | D:10     | Reached **** piety under Ru
 12546 | D:10     | Found a staircase to the Lair.
 12579 | Lair:1   | Entered Level 1 of the Lair of Beasts
 12608 | Lair:1   | Found a frozen archway.
 12676 | IceCv    | Entered an ice cave
 12776 | IceCv    | Reached skill level 10 in Unarmed Combat
 12829 | IceCv    | Reached XP level 10. HP: 13/83 MP: 10/16
 13490 | IceCv    | Noticed a quicksilver ooze
 13510 | IceCv    | Killed a quicksilver ooze
 13961 | IceCv    | Found a viscous altar of Jiyva.
 13961 | IceCv    | Noticed an azure jelly
 13981 | IceCv    | Killed an azure jelly
 13982 | IceCv    | Reached skill level 11 in Unarmed Combat
 14168 | IceCv    | Noticed an azure jelly
 14178 | IceCv    | Killed an azure jelly
 14352 | IceCv    | Got the ring "Jiwusemo" {rPois rC+}
 14357 | IceCv    | Got the ring "Xuuck" {Ice *Slow Int+8 Stlth+}
 14989 | Lair:1   | Noticed Erica
 15068 | Lair:1   | Reached skill level 12 in Unarmed Combat
 15095 | Lair:1   | Killed Erica
 15217 | Lair:1   | Identified the +6 falchion of a ziggurat {speed, rCorr}
 15562 | Lair:2   | Noticed Sonja
 15611 | Abyss:2  | Found a corrupted altar of Lugonu.
 15611 | Abyss:2  | Cast into level 2 of the Abyss (Sonja)
 15671 | Abyss:2  | Noticed a starcursed mass
 15672 | Abyss:2  | Reached skill level 5 in Spellcasting
 15689 | Abyss:2  | Gained mutation: You are sensitive to extremes of
                  | temperature. (rF-, rC-) [Ru sacrifice]
 15689 | Abyss:2  | Reached ***** piety under Ru
 15690 | Abyss:2  | Killed a starcursed mass
 15691 | Abyss:2  | Reached XP level 11. HP: 16/84 MP: 9/18
 15990 | Abyss:2  | Reached skill level 5 in Ice Magic
 16023 | Abyss:2  | Noticed a tentacled starspawn
 16049 | Abyss:2  | Killed a tentacled starspawn
 16153 | Abyss:2  | Gained mutation: [You are dopey. (Int -2)] [a neqoxec]
 16203 | Abyss:2  | Killed from afar by a wretched star

Illustrated notes

Levels and vault maps discovered:
D:1:      kennysheep_arrival_forest, layout_loops_ring, serial_shops, shop,
          shop, nicolae_shop_pleasant_corner_grove,
          nicolae_shop_tiny_statue_garden, shop
D:2:      layout_basic, minmay_unequal, uniq_natasha
D:3:      layout_loops_ring, kiku_gazebo_pond_becter,
          gammafunk_ghost_stat_death, dreamdust_ecumenical_altar_drowned_temple,
          minmay_strange_pillars, ebering_dispersal_statue_hall, corexii_shack,
          kennysheep_generic_room_8
D:4:      layout_loops_ring, serial_bayou, serial_bayou_ford_a,
          serial_bayou_pond_d, serial_bayou_pond_d, serial_bayou_pond_a
D:5:      layout_basic, mainiacjoe_overflow_big_doors, uniq_prince_ribbit1
D:6:      layout_basic, minmay_temple_entry_crystal_x, sigmund_edmund_badplayer,
          uniq_crazy_yiuf_cottage, uniq_maggie
D:7:      layout_basic, uniq_menkaure
D:8:      layout_rooms, hellmonk_okawaru_the_only_friend_you_need,
          mainiacjoe_overflow_concentric_impassable
D:9:      layout_irregular_city, serial_ice, serial_ice_h, serial_ice_n,
          serial_ice_e, serial_ice_f, serial_ice_o
D:10:     layout_cave_pools, erik_lair_dragon, gammafunk_ghost_arena
Temple:   nicolae_temple_bog_church
Lair:1:   layout_big_grid, portal_ice_cave_rime, uniq_erica
Lair:2:   layout_gridlike, nicolae_snake_entry_warm_welcome, grunt_megastairs_1,
          lemuel_fruit_tree, uniq_sonja
Abyss:2:  base:
D:11

Skill      XL: |  1  2  3  4  5  6  7  8  9 10 11 |
---------------+----------------------------------+-----
Dodging        | 2 3 4 7 8 |  8.0
Stealth        | 1 2 3 4 |  4.0
Fighting       | 2 3 6 5 |  6.0
Unarmed Combat | 4 5 6 8 10 12 | 12.0
Transmutations | 3 6 8 7 9 |  9.4
Spellcasting   | 3 4 5 6 |  6.0
Ice Magic      | 3 4 5 |  5.0
Poison Magic   | 2 3 |  3.0
Translocations | 2 |  2.0

Action                     |  1- 3 |  4- 6 |  7- 9 | 10-12 || total
---------------------------+-------+-------+-------+-------++-------
  Melee: Unarmed           |    79 |   148 |   456 |   445 ||  1128
         Headbutt          |     7 |    11 |    46 |    51 ||   115
         Tailslap          |    10 |    12 |    53 |    63 ||   138
         Kick              |    10 |    19 |    58 |    77 ||   164
         Punch             |       |     2 |     9 |    22 ||    33
   Fire: Sling             |       |    22 |    35 |    49 ||   106
  Throw: Dart              |       |       |     5 |       ||     5
         Boomerang         |       |       |     1 |     1 ||     2
   Cast: Beastly Appendage |    21 |    26 |    27 |    18 ||    92
         Wereblood         |     1 |     9 |    24 |    17 ||    51
         Spider Form       |       |     4 |    19 |     3 ||    26
         Ice Form          |       |       |     9 |     9 ||    18
 Invoke: Sacrifice Artific |       |       |     1 |       ||     1
         Sacrifice Experie |       |       |     1 |       ||     1
         Draw Out Power    |       |       |       |     2 ||     2
         Apocalypse        |       |       |       |     3 ||     3
         Sacrifice Resista |       |       |       |     1 ||     1
Ability: End Transformatio |       |       |     1 |     2 ||     3
    Use: Scroll            |       |    10 |     6 |     5 ||    21
         Potion            |       |       |       |    13 ||    13
   Stab: Sleeping          |     3 |     3 |     1 |     2 ||     9
         Invisible         |       |       |     3 |     4 ||     7
         Distracted        |       |       |     1 |     1 ||     2
         Paralysed         |       |       |       |     4 ||     4
 Armour: Skin              |    13 |    24 |   126 |   178 ||   341
  Dodge: Dodged            |    36 |    90 |   278 |   342 ||   746

Table legend: (Time is in decaauts)
 A = Elapsed time spent in this place.
 B = Non-inter-level travel time spent in this place.
 C = Inter-level travel time spent in this place.
 D = Time resting spent in this place.
 E = Time spent auto-exploring this place.
 F = Levels seen in this place.
 G = Mean time per level.
                   A        B        C        D        E       F      G
               +--------+--------+--------+--------+--------+-----+--------+
         Total |  16118 |  14644 |   1474 |    415 |  10685 |  15 | 1074.5 |
       Dungeon |  12463 |  11007 |   1456 |    260 |   8344 |  10 | 1246.3 |
        Temple |    234 |    234 |      0 |      0 |    205 |   1 |  234.0 |
          Lair |   1070 |   1052 |     18 |      0 |    638 |   2 |  535.0 |
         Abyss |    595 |    595 |      0 |    155 |    224 |   1 |  595.0 |
      Ice Cave |   1753 |   1753 |      0 |      0 |   1273 |   1 | 1753.0 |
               +--------+--------+--------+--------+--------+-----+--------+

Top non-repeatable levels by time:
   IceCv: 1753 daAuts
     D:9: 1659 daAuts
     D:7: 1546 daAuts
     D:6: 1490 daAuts
     D:2: 1283 daAuts
    D:10: 1245 daAuts
     D:4: 1162 daAuts
     D:1: 1114 daAuts
     D:3: 1048 daAuts
  Lair:1: 1038 daAuts
     D:8: 1013 daAuts
     D:5: 900 daAuts
 Abyss:2: 595 daAuts
  Temple: 234 daAuts
  Lair:2: 32 daAuts
